 Dungeon Crawl Stone Soup version 0.20-a0-492-g6327889 (webtiles) character file.

37 palebluedot3 the Skirmisher (level 3, 23/33 HPs)
             Began as a Draconian Abyssal Knight on Jan 15, 2017.
             Was a Believer of Lugonu.
             Quit the game on level 2 of the Dungeon.
             The game lasted 00:04:13 (1014 turns).

palebluedot3 the Skirmisher (DrAK)                  Turns: 1014, Time: 00:04:13

Health: 23/33      AC:  5    Str: 15    XL:     3   Next: 23%
Magic:  4/4        EV: 12    Int: 12    God:    Lugonu [**....]
Gold:   55         SH:  0    Dex: 10    Spells: 2/2 levels left

rFire    . . .     SeeInvis .   a - +1 mace
rCold    . . .     Gourm    .   (armour unavailable)
rNeg     . . .     Faith    .   (no shield)
rPois    .         Spirit   .   (helmet restricted)
rElec    .         Reflect  .   (no cloak)
rCorr    .         Harm     .   (no gloves)
MR       .....                  (no boots)
Stlth    +.........             (no amulet)
Regen    0.1/turn               (no ring)
                                (no ring)

@: no status effects
A: unfitting armour, cold-blooded, AC +5
a: Depart the Abyss, Bend Space, Renounce Religion


You were on level 2 of the Dungeon.
You worshipped Lugonu.
Lugonu was pleased with you.
You were not hungry.

You visited 1 branch of the dungeon, and saw 2 of its levels.
You visited the Abyss 1 time.

You collected 55 gold pieces.

Inventory:

Hand Weapons
 a - a +1 mace (weapon)
Armour
 h - a +0 ring mail of cold resistance
 k - a +0 buckler
Jewellery
 l - a +2 ring of intelligence {unknown}
 n - an uncursed ring of stealth {unknown}
Scrolls
 c - 3 scrolls of identify {unknown}
 d - a scroll of recharging {unknown}
 e - a scroll of fog {unknown}
 j - a scroll of enchant armour {unknown}
Potions
 i - a potion of flight {unknown}
 m - a potion of lignification {unknown}
Comestibles
 b - a bread ration
 f - 5 fruits
 g - a meat ration


   Skills:
 + Level 4.0 Fighting
 + Level 2.5 Maces & Flails
 + Level 2.5 Dodging
 + Level 0.2 Stealth
 + Level 2.0 Invocations


You had 2 spell levels left.
You didn't know any spells.

Dungeon Overview and Level Annotations

Branches:
Dungeon (2/15)

Altars:
Okawaru


Innate Abilities, Weirdness & Mutations

Your plain brown scales are hard. (AC +5)
You cannot fit into any form of body armour.
You are cold-blooded and may be slowed by cold attacks.


Message History

The worm closely misses you.
You open the door.
Unknown command.
Quiver which item? (- for none, * to show all) (? for menu, Esc to quit)
Okay, then.
Quiver which item? (- for none, * to show all) (? for menu, Esc to quit)
Okay, then.
Unknown command.
Quiver which item? (- for none, * to show all) (? for menu, Esc to quit)
Okay, then.
Unknown command.
Unknown command.
Unknown command.
You aren't carrying or standing over any spellbooks.
Unknown command.
Describe a (M)onster, (S)pell, s(K)ill, (A)bility, (C)ard, (I)tem, (F)eature, (G)od, (B)ranch, c(L)oud or s(T)atus?
Okay, then.
Unknown command.
Unknown command.
Are you sure you want to abandon this character and quit the game? (Confirm with "yes".)

####### #.....#
#.....# .(.
#.....####### ... #
#...<.'...... ... .#
#....@##########.##.##
#......w.......#.....#
##+#.#.........#.....#
#.#.#########.....#
#..<.......†.......
######.....####....
+.....'.......
##.....####....
##............##


You could see a worm.

Vanquished Creatures
  3 dart slugs (D:1)
  2 leopard geckos (D:1)
  A giant cockroach (D:2)
  3 hobgoblins (D:1)
  4 jackals (D:2)
  2 bats (D:1)
  2 frilled lizards
  A giant cockroach zombie (D:1)
  5 goblins (D:1)
  4 kobolds
  A quokka zombie (D:1)
  A rat (D:1)
29 creatures vanquished.

Notes
Turn   | Place    | Note
-------+----------+-------------------------------------------
     0 | Abyss:1  | palebluedot3 the Draconian Abyssal Knight began the quest for the Orb.
     0 | Abyss:1  | Reached XP level 1. HP: 19/19 MP: 2/2
    23 | D:1      | Escaped the Abyss
   317 | D:1      | Reached XP level 2. HP: 26/26 MP: 3/3
   555 | D:1      | Reached ** piety under Lugonu
   763 | D:1      | Reached XP level 3. HP: 30/33 MP: 4/4
   920 | D:2      | Found an iron altar of Okawaru.
   977 | D:2      | Reached skill level 4 in Fighting
  1014 | D:2      | Quit the game

Vault maps used:
D:1:      saegor_arrival_fortress
D:2:      lemuel_crystal_altar, overflow_temple_1_default,
          nemelex_xobeh_ov_fountains_minmay, nicolae_overflow_crystal_walls,
          first_bread, bloody_trog

Skill      XL: |  1  2  3 |
---------------+----------+-----
Fighting       | 4 |  4.0
Maces & Flails | |  2.5
Dodging        | |  2.5
Stealth        | |  0.2
Invocations    | |  2.0

Action                   || total
-------------------------++-------
Melee: Mace              ||    76
       Tailslap          ||    11
 Stab: Sleeping          ||     1
Armor: Skin              ||    21
Dodge: Dodged            ||    68
